 Dungeon Sprint DCSS version 0.17-a0-1450-g7e755d1 (webtiles) character file.

181 pulse the Fighter (level 5, 0/49 HPs)
             Began as a Formicid Fighter on June 30, 2015.
             Was a Follower of Trog.
             Slain by a hill giant
             ... wielding a +0 giant club
              (26 damage)
             ... in the Dungeon (Sprint IX: "|||||||||||||||||||||||||||||").
             The game lasted 00:01:27 (151 turns).

pulse the Fighter (Formicid Fighter)                 Turns: 151, Time: 00:01:27

Health: 0/49       AC: 16    Str: 25    XL:     5   Next: 92%
Magic:  5/5        EV:  7    Int:  7    God:    Trog [*.....]
Gold:   0          SH: 10    Dex: 10    Spells: 0 memorised, 4 levels left

rFire  . . .     SeeInvis +     o - +1 broad axe (chop)
rCold  . . .     Clarity  .     r - +0 plate armour
rNeg   . . .     SustAt   .     c - +0 shield
rPois  .         Gourm    .     (helmet unavailable)
rElec  .         Spirit   .     p - +0 cloak
rCorr  .         Warding  .     (no gloves)
rMut   .         Stasis   +     q - +0 pair of boots
MR     .....                    (no amulet)
Stlth  ..........               t - +2 ring of evasion
                                s - +3 ring of strength

@: not resistant to hostile enchantments, extremely unstealthy
A: permanent stasis, dig shafts and tunnels, four strong arms, antennae 3
a: Dig, Burn Spellbooks, Renounce Religion


You were in the Dungeon.
You worshipped Trog.
Trog was aware of your devotion.
You were not hungry.

You visited 1 branch

Inventory:

Hand weapons
 o - a +1 broad axe of chopping (weapon)
Armour
 c - a +0 shield (worn)
 p - a +0 cloak (worn)
 q - a +0 pair of boots (worn)
 r - a +0 plate armour (worn)
Jewellery
 s - a +3 ring of strength (left hand)
 t - a +2 ring of evasion (right hand)
Magical devices
 n - a wand of cold (7)
Scrolls
 k - 2 scrolls of blinking
 m - 3 scrolls of remove curse
Potions
 d - a potion of might
 f - 5 potions of curing
 g - 3 potions of heal wounds
 h - a potion of haste
 i - 4 potions of magic
 j - a potion of berserk rage
 l - a potion of invisibility
Comestibles
 e - a bread ration


   Skills:
 + Level 8.2 Fighting
 * Level 5.8 Axes
 + Level 7.8 Armour
 - Level 3.9 Shields


You had 4 spell levels left.
You didn't know any spells.

Dungeon Overview and Level Annotations

Branches:
Dungeon (1/1)

Altars:
Cheibriados
Dithmenos
Elyvilon
Fedhas
Gozag
Kikubaaqudgha
Makhleb
Nemelex Xobeh
Okawaru
Qazlal
Ru
Sif Muna
Trog
Vehumet
Xom
Yredelemnul
Zin
The Shining One
Beogh
Jiyva
Lugonu


Innate Abilities, Weirdness & Mutations

You are under a permanent stasis effect.
You can dig through walls and to a lower floor.
Your four strong arms can wield two-handed weapons with a shield.
You have a pair of large antennae on your head (SInv).


Message History

Your Axes skill gained 2 levels and is now at level 5!
Your Armour skill gained 2 levels and is now at level 7!
You have reached level 4!
You feel stronger.
You have reached level 5!
You hit the hill giant.
The hill giant is lightly wounded.
You block the hill giant's attack.
You slice the hill giant!!
The hill giant is heavily wounded.
The hill giant barely misses you.
You hit the hill giant but do no damage.
The hill giant is moderately wounded.
The hill giant barely misses you.
You hit the hill giant.
The hill giant is heavily wounded.
You block the hill giant's attack.
The hill giant hits you with a giant club!!
Ouch! That really hurt!
You die... {{{{{{{{{ {{{{{{{{ ▓▓▓▓▓▓▓▓▓▓▓▓▓▓▓▓▓▓▓▓▓▓▓▓ _______'.?|)....@CyFH... ▓▓▓▓▓▓▓▓▓▓▓▓▓▓▓▓▓▓▓▓▓▓▓▓

You could see a hill giant, a hippogriff, a giant frog and a killer bee.

Vanquished Creatures
  A yak (D)
  An iguana (D)
  An adder (D)
  2 bats (D)
  A giant cockroach (D)
  A hobgoblin (D)
  A giant newt (D)
  A kobold (D)
  3 rats (D)
12 creatures vanquished.

Notes
Turn   | Place    | Note
--------------------------------------------------------------
     0 | D        | pulse the Formicid Fighter began the quest for the Orb.
     0 | D        | Reached XP level 1. HP: 18/18 MP: 1/1
    33 | D        | Reached skill level 4 in Fighting
    34 | D        | Reached XP level 2. HP: 22/25 MP: 2/2
    73 | D        | Found a glowing silver altar of Zin.
    73 | D        | Found a glowing golden altar of the Shining One.
    73 | D        | Found an ancient bone altar of Kikubaaqudgha.
    73 | D        | Found a basalt altar of Yredelemnul.
    73 | D        | Found a shimmering altar of Xom.
    73 | D        | Found a radiant altar of Vehumet.
    74 | D        | Found an iron altar of Okawaru.
    75 | D        | Found a burning altar of Makhleb.
    76 | D        | Found a deep blue altar of Sif Muna.
    77 | D        | Found a bloodstained altar of Trog.
    78 | D        | Found a sparkling altar of Nemelex Xobeh.
    79 | D        | Found a white marble altar of Elyvilon.
    80 | D        | Found a roughly hewn altar of Beogh.
    81 | D        | Found a viscous altar of Jiyva.
    82 | D        | Found a corrupted altar of Lugonu.
    83 | D        | Found a blossoming altar of Fedhas.
    84 | D        | Found a snail-covered altar of Cheibriados.
    85 | D        | Became a worshipper of Trog the Wrathful
    86 | D        | Found a shadowy altar of Dithmenos.
    87 | D        | Found a stormy altar of Qazlal.
    88 | D        | Found an opulent altar of Gozag.
    89 | D        | Found a sacrificial altar of Ru.
   142 | D        | Noticed an iguana
   142 | D        | Noticed a yak
   142 | D        | Noticed a killer bee
   142 | D        | Noticed a giant frog
   142 | D        | Noticed a hill giant
   142 | D        | Noticed a hippogriff
   145 | D        | Killed an iguana
   145 | D        | Reached skill level 5 in Fighting
   145 | D        | Reached skill level 5 in Armour
   145 | D        | Reached XP level 3. HP: 20/34 MP: 3/3
   147 | D        | Killed a yak
   147 | D        | Acquired Trog's first power
   147 | D        | Reached skill level 8 in Fighting
   147 | D        | Reached skill level 5 in Axes
   147 | D        | Reached XP level 4. HP: 23/44 MP: 4/4
   147 | D        | Reached XP level 5. HP: 25/49 MP: 5/5
   151 | D        | Slain by a hill giant

Vault maps used:
D:        linesprint

Action                   |  1- 3 |  4- 6 || total
-------------------------+-------+-------++-------
Melee: War axe           |    30 |       ||    30
       Broad axe         |     5 |     4 ||     9
